cohdb
Replays
Latest Replays
All Replays
Popular Replays
Top Player Replays
Match Explorer
How It Works
Community
CoH3 Stats
Reddit
Sign in to upload your games and track your stats! →
Sign in with Steam
Match 43299928
Unlisted
Match 43299928
Overview
Messages
Build Orders
End
Construct Section Command Post
Vickers Machine Gun Team
Selects Heavy Armor Battlegroup
Infantry Section
Infantry Section
Infantry Section
Grenade Package
Selects Rigorous Vehicle Training
Construct Platoon Command Post
Selects Forward Repair Assembly
CMP 15cwt Truck
6-pounder Anti-tank Gun Team
Sledge
Dadical
Sy Ableman?!
Legionary
AhmedMousa
Elbehiri
ZA3IM
Zingo Elzengy
0
0
Comments
sign in to comment!
No comments posted yet!